 Dungeon Crawl Stone Soup version 0.27.1-3-gb3d3a73c9e (webtiles) character file.

Game seed: 5767841677799964960

68 Eitelfritz the Slasher (level 4, -1/37 HPs)
             Began as a Minotaur Gladiator on Oct 25, 2021.
             Slain by Grinder (6 damage)
             ... on level 3 of the Dungeon.
             The game lasted 00:03:19 (1941 turns).

Eitelfritz the Slasher (Minotaur Gladiator)         Turns: 1941, Time: 00:03:19

Health: -1/37      AC:  6    Str: 25    XL:     4   Next: 1%
Magic:  3/3        EV: 12    Int:  6    God:
Gold:   144        SH:  0    Dex: 11    Spells: 3/3 levels left

rFire    . . .     SeeInvis .   a - +0 long sword
rCold    . . .     Faith    .   (no shield)
rNeg     . . .     Spirit   .   e - +0 ring mail
rPois    .         Reflect  .   c - +0 hat
rElec    .         Harm     .   o - +0 cloak
rCorr    .         Rampage  .   (no gloves)
Will     .....                  (no boots)
Stlth    +.........             (no amulet)
HPRegen  0.12/turn              f - +6 ring of strength
MPRegen  0.08/turn              (no ring)

@: no status effects
A: horns 2, retaliatory headbutt
a: no special abilities


You were on level 3 of the Dungeon.
You visited 1 branch of the dungeon, and saw 3 of its levels.

You collected 144 gold pieces.

Inventory:

Hand Weapons
 a - a +0 long sword (weapon)
Missiles
 d - 3 throwing nets (quivered)
 n - 7 poisoned darts
Armour
 c - a +0 hat (worn)
 e - a +0 ring mail (worn)
 o - a +0 cloak (worn)
Jewellery
 f - a +6 ring of strength (left hand)
Scrolls
 b - a scroll of enchant armour {unknown}
 g - a scroll of magic mapping {unknown}
 h - a scroll of brand weapon {unknown}
 i - a scroll of identify {unknown}
 k - a scroll of fog {unknown}
 m - a scroll of amnesia {unknown}
Potions
 j - a potion of haste {unknown}
 l - 2 potions of heal wounds {unknown}


   Skills:
 + Level 2.7 Fighting
 + Level 4.7 Long Blades
 + Level 2.1 Throwing
 + Level 1.2 Armour
 + Level 4.1 Dodging
 + Level 0.1 Stealth


You had 3 spell levels left.
You didn't know any spells.
Your spell library contained the following spells:

 Spells                   Type           Power      Damage    Failure   Level
 Animate Skeleton         Necr           0%         N/A       58%         1
 Apportation              Tloc           0%         N/A       58%         1
 Beastly Appendage        Tmut           0%         N/A       58%         1
 Corona                   Hex            0%         N/A       58%         1
 Summon Small Mammal      Summ           0%         N/A       58%         1
 Blink                    Tloc           N/A        N/A       75%         2
 Call Canine Familiar     Summ           0%         N/A       92%         3
 Lesser Beckoning         Tloc           0%         N/A       92%         3
 Portal Projectile        Hex/Tloc       0%         N/A       92%         3
 Leda's Liquefaction      Hex/Erth       0%         N/A       100%        4
 Blade Hands              Tmut           0%         N/A       100%        5
 Iskenderun's Battlesphe  Conj           0%         2d6       100%        5
 Manifold Assault         Tloc           0%         N/A       100%        5
 Fire Storm               Conj/Fire      0%         5d1       100%        9


Dungeon Overview and Level Annotations

Branches:
Dungeon (3/15)

Altars:

Annotations:
D:3 Grinder, Ijyb


Innate Abilities, Weirdness & Mutations

You have a pair of horns on your head.
You reflexively headbutt those who attack you in melee.


Message History

You hear a shout!
You closely miss the orc.
Ijyb the Twisted Goblin comes into view.
She is wielding a +0 club and carrying a wand of flame (12).
The orc barely misses you. You furiously retaliate!
You headbutt the orc!
You kill the orc!
You have reached level 4!
You feel stronger. Grinder gestures at you. You resist with significant effort.
Grinder closely misses you. You furiously retaliate!
You headbutt Grinder! You hit Grinder.
Grinder is moderately wounded.
Grinder barely misses you. You furiously retaliate!
You headbutt Grinder, but do no damage. You hit Grinder. You headbutt Grinder.
Grinder is heavily wounded.
Grinder hits you.
You writhe in agony.
You barely miss Grinder. Your headbutt misses Grinder.
Grinder is heavily wounded.
Grinder hits you.
You writhe in agony.
The orc hits you but does no damage.
You barely miss Grinder. Your headbutt misses Grinder.
Grinder is heavily wounded.
Grinder hits you but does no damage. The orc barely misses you.
You riposte.
You barely miss the orc. Grinder gestures at you.
Pain shoots through your body!
* * * LOW HITPOINT WARNING * * *
The orc barely misses you.
You riposte.
You hit the orc.
The orc is lightly wounded.
You slash Grinder!
Grinder is severely wounded.
Grinder hits you.
* * * LOW HITPOINT WARNING * * *
You writhe in agony.
* * * LOW HITPOINT WARNING * * *
The orc hits you but does no damage.
You closely miss Grinder.
Grinder is severely wounded.
Grinder hits you.
You die...

#. .g. .# .. . ..
#. ###.
###.####..
#.....##g# ..
#.###.##o#### ..
#####........@5.#
..
..##..#..##.##.#
.# #.#.)###..#.#
.. .####.#.##
##.... ...
.##......# ...#.
### .##...#.##
#.#..#. †#...####
####.... ....##
#.#.# .....#


You could see Grinder, Ijyb and an orc.

Vanquished Creatures
  A worm (D:2)
  A dart slug (D:2)
  2 orcs (D:3)
  5 bats
  8 endoplasms
  4 goblins
  4 hobgoblins
  10 jackals (D:1)
  2 kobolds
  6 ball pythons
  4 frilled lizards
  5 rats
52 creatures vanquished.

Notes
Turn   | Place    | Note
-------+----------+-------------------------------------------
     0 | D:1      | Eitelfritz the Minotaur Gladiator began the quest for the
                  | Orb.
     0 | D:1      | Reached XP level 1. HP: 18/18 MP: 0/0
    82 | D:1      | Found a faded altar of an unknown god.
    86 | D:1      | Reached XP level 2. HP: 22/25 MP: 1/1
   536 | D:1      | Reached XP level 3. HP: 28/30 MP: 2/2
  1159 | D:2      | Reached skill level 1 in Armour
  1391 | D:2      | Got Siemogi's Papyrus of the Kraken
  1928 | D:3      | Noticed Grinder
  1933 | D:3      | Noticed Ijyb
  1934 | D:3      | Reached XP level 4. HP: 37/37 MP: 3/3
  1941 | D:3      | Slain by Grinder

Illustrated notes

Levels and vault maps discovered:
D:1:      lordsloth_arrival_two_stooges, layout_basic,
          hellmonk_ecumenical_altar_dog_temple, serial_rivers,
          chequers_serial_rivers_micro_c, chequers_serial_rivers_micro_b,
          chequers_serial_rivers_room_b, chequers_serial_rivers_room_b,
          chequers_serial_rivers_micro_e, chequers_serial_rivers_marsh,
          due_unseen_surprise
D:2:      layout_basic
D:3:      layout_loops_cross, old_standard_altar,
          minmay_fractal_squares_gapless_5, uniq_grinder, uniq_ijyb

Skill      XL: |  1  2  3 |
---------------+----------+-----
Long Blades    | 4 |  4.7
Dodging        | 4 |  4.1
Armour         | 1 |  1.2
Fighting       | |  2.7
Throwing       | |  2.1
Stealth        | |  0.1

Action                   |  1- 3 |  4- 6 || total
-------------------------+-------+-------++-------
Melee: Long sword        |    75 |     6 ||    81
       Headbutt          |    10 |     1 ||    11
Armor: Ring mail         |    30 |     3 ||    33
Dodge: Dodged            |    51 |     4 ||    55
       Rpst.: Long sword |    10 |     2 ||    12
